 Dungeon Crawl Stone Soup version 0.18-a0-1400-g0ef5d54 (webtiles) character file.

63 KarvaRausku the Conjurer (level 3, -2/21 HPs)
             Began as a High Elf Conjurer on Feb 24, 2016.
             Slain by an orc
             ... wielding a +0 flail
              (5 damage)
             ... on level 2 of the Dungeon.
             The game lasted 00:07:26 (1430 turns).

KarvaRausku the Conjurer (High Elf Conjurer)        Turns: 1430, Time: 00:07:26

Health: -2/21      AC:  3    Str:  7    XL:     3   Next: 87%
Magic:  9/9        EV: 12    Int: 20    God:
Gold:   90         SH:  0    Dex: 15    Spells: 2 memorised, 6 levels left

rFire  . . .     SeeInvis .     e - +2 hand axe (freeze)
rCold  + . .     Gourm    .     a - +0 robe
rNeg   . . .     Faith    .     (no shield)
rPois  .         Spirit   .     (no helmet)
rElec  .         Dismiss  .     (no cloak)
rCorr  .         Reflect  .     (no gloves)
SustAt .         Harm     .     f - +0 pair of boots
MR     .....                    (no amulet)
Stlth  ++........               (no ring)
                                g - ring of protection from cold

@: not resistant to hostile enchantments, unstealthy
A: no striking features
a: no special abilities


You were on level 2 of the Dungeon.
You were hungry.

You visited 1 branch of the dungeon, and saw 3 of its levels.

You collected 90 gold pieces.

Inventory:

Hand Weapons
 e - a +2 hand axe of freezing (weapon)
Armour
 a - a +0 robe (worn)
 f - a +0 pair of boots (worn)
Jewellery
 g - a ring of protection from cold (left hand)
Scrolls
 h - a scroll of noise {unknown}
 i - a scroll of fear {unknown}
 j - 2 scrolls of remove curse {unknown}
 m - 2 scrolls of teleportation {unknown}
 p - a scroll of fog {unknown}
 q - a scroll of magic mapping {unknown}
 r - a scroll of enchant armour {unknown}
Potions
 d - 2 potions of degeneration {unknown}
 k - 2 potions of curing {unknown}
 l - a potion of brilliance {unknown}
Books
 b - a book of Conjurations

   Spells                             Type                      Level
   a - Magic Dart                     Conjuration                  1
   b - Searing Ray                    Conjuration                  2
   c - Dazzling Spray                 Conjuration/Hexes            3
   d - Fulminant Prism                Conjuration/Hexes            4
   e - Iskenderun's Mystic Blast      Conjuration                  4
   f - Iskenderun's Battlesphere      Conjuration/Charms           5
Comestibles
 c - a bread ration
 n - a beef jerky
 o - 2 meat rations


   Skills:
 + Level 0.2 Fighting
 - Level 2.1 Dodging
 - Level 2.1 Stealth
 + Level 3.8 Spellcasting
 + Level 5.2 Conjurations


You had 6 spell levels left.
You knew the following spells:

 Your Spells              Type           Power        Failure   Level  Hunger
a - Magic Dart            Conj           ###.         1%          1    None
b - Searing Ray           Conj           ###...       2%          2    ##.....


Dungeon Overview and Level Annotations

Branches:
Dungeon (3/15)

Altars:
Makhleb
Trog


Message History

Magic restored.
You climb downwards.
A rat comes into view.
The adder bites you but does no damage. The orc hits you with a dagger.
The adder closely misses you. The orc closely misses you.
The orc barely misses you.
There is a stone staircase leading up here.
The adder bites you. The orc barely misses you. The orc hits you with a dagger.
You climb upwards.
There is a stone staircase leading down here.
That item cannot be evoked!
You are feeling hungry.
You closely miss the orc. x2; You barely miss the orc.
You hit the adder. You freeze the adder.
The adder seems to slow down.
The adder is severely wounded.
The orc hits you with a flail! The adder misses you.
The orc hits you with a dagger.
* * * LOW HITPOINT WARNING * * *
The orc barely misses you. The orc hits you with a flail.
You die...

.....######......##.#.#.###......
.................##.#.#.# ###.#.#
..#.....................#####.#.#
..#...........................#.#
............#....####.#.#######.#
#.#..##.#...#.......#.#..........
.................####.#.#######.#
#.#..##.#...#.#....##.#.##### #.#
#.#..##.#...#.#o@o..........# #..
..(.............oS......###.# ###
#.#..##.#..........##.#.###.#####
#.#..##.#..##.#....).............
........#..##.#..######.###.#####
#.#..##.#..##.#.........# #.#
#.#..##.#..##.#..######## #.#
#.#..####.###.#.## #.#
..........# #.#.# #.#


You could see an adder and 3 orcs.

Vanquished Creatures
  2 adders (D:2)
  An ooze (D:1)
  A worm (D:2)
  2 dart slugs (D:1)
  A giant gecko (D:1)
  2 orcs (D:2)
  2 ball pythons
  A giant cockroach (D:2)
  3 goblins
  4 hobgoblins
  2 kobolds (D:1)
  3 bats
  2 giant newts
  4 rats
30 creatures vanquished.

Notes
Turn   | Place    | Note
--------------------------------------------------------------
     0 | D:1      | KarvaRausku the High Elf Conjurer began the quest for the Orb.
     0 | D:1      | Reached XP level 1. HP: 11/11 MP: 4/4
   172 | D:1      | Reached XP level 2. HP: 17/17 MP: 1/6
   586 | D:2      | Reached XP level 3. HP: 21/21 MP: 6/8
   613 | D:2      | Reached skill level 5 in Conjurations
   617 | D:2      | Learned a level 2 spell: Searing Ray
  1058 | D:2      | Found a bloodstained altar of Trog.
  1226 | D:2      | Found a burning altar of Makhleb.
  1430 | D:2      | Slain by an orc

Vault maps used:
D:1:      wheals_arrival_linesprint
D:2:      bloody_trog, marbit_many_paths
D:3:      lemuel_zombie_altar_yredelemnul, first_bread

Skill      XL: |  1  2  3 |
---------------+----------+-----
Spellcasting   | 3 |  3.8
Conjurations   | 5 |  5.2
Fighting       | |  0.2
Dodging        | |  2.1
Stealth        | |  2.1

Action                   || total
-------------------------++-------
Melee: Unarmed           ||     2
       Hand axe          ||    10
 Cast: Magic Dart        ||    49
       Searing Ray       ||     1
 Stab: Sleeping          ||     1
  Eat: Chunk             ||     1
